AoeStats
← Sinsirella

Oasis

510124874Analyzed
3v3 RM · 22h ago on Sep 29, 2026· 82m 35s· 6 players
Game mode
Random Map
Map size
Normal (6 player)
Population
200
Speed
Normal
Resources
Standard
Victory
Conquest
Starting age
Dark Age
Ending age
Imperial Age
RankedLock teamsTeams togetherTeam positionsShared explorationLock speedFull tech treeHidden civsTurbo modeCheats
Victory
Defeat
🇨🇳 Khmer · China
392
+18
🇨🇳 Chinese · China
333
+21
🇨🇭 Vietnamese · Switzerland
308
+22
🇹🇷 Khmer · Türkiye
533
-24
🇹🇷 Maya · Türkiye
435
-20
🇩🇰 Portuguese · Denmark
348
-17
eng1n34
16:13 Feudal Age
16:50 Horse Collar
17:05 Gold Mining
17:09 Stone Mining
17:08 Double-Bit Axe
20:39 Man-at-Arms
21:04 Arson
22:43 Forging
22:34 Scale Mail Armor
22:24 Fletching
22:35 Padded Archer Armor
26:50 Castle Age
28:08 Stone Shaft Mining
27:35 Heavy Plow
27:49 Bow Saw
29:01 Iron Casting
28:42 Chain Mail Armor
28:29 Loom
29:35 Eagle Warrior
29:38 Long Swordsman
29:39 Pikeman
30:20 Squires
31:46 Fortified Wall
31:48 Masonry
33:18 Leather Archer Armor
32:59 Bodkin Arrow
38:05 Imperial Age
36:29 Hul'che Javelineers
38:40 Wheelbarrow
42:08 Holcans
41:01 Elite Eagle Warrior
41:02 Halberdier
41:04 Two-Handed Swordsman
42:50 Blast Furnace
42:21 Plate Mail Armor
42:37 Hand Cart
42:46 Ballistics
42:02 Elite Skirmisher
43:59 Caravan
44:31 Coinage
44:12 Guilds
46:05 Crop Rotation
46:42 Two-Man Saw
49:11 Chemistry
48:43 Architecture
48:10 Murder Holes
49:25 Elite Plumed Archer
50:17 Bracer
50:48 Ring Archer Armor
50:13 Town Watch
51:46 Onager
THOR
12:37 Feudal Age
22:28 Castle Age
31:14 Imperial Age
30:21 Caravan
32:46 Fortified Wall
32:59 Horse Collar
34:55 Husbandry
35:28 Cavalier
39:03 Chemistry
38:32 Gold Mining
42:40 Coinage
44:00 Scale Barding Armor
43:28 Onager
45:29 Chain Barding Armor
48:52 Plate Barding Armor
54:18 Guilds
55:12 Double-Bit Axe
62:44 Ballistics
Sinsirella
0:32 Loom
13:03 Feudal Age
14:39 Wheelbarrow
15:09 Horse Collar
16:01 Double-Bit Axe
16:11 Gold Mining
23:02 Castle Age
22:08 Stone Mining
24:00 Caravan
24:07 Heavy Plow
24:30 Bow Saw
28:08 Padded Archer Armor
28:14 Scale Barding Armor
28:20 Forging
28:34 Hand Cart
28:06 Town Watch
34:41 Imperial Age
34:40 Stone Shaft Mining
34:41 Gold Shaft Mining
34:33 Chain Barding Armor
34:29 Leather Archer Armor
34:49 Iron Casting
34:29 Tusk Swords
36:02 Plate Barding Armor
35:59 Conscription
35:41 Double Crossbow
37:17 Ring Archer Armor
37:48 Blast Furnace
37:22 Elite Ballista Elephant
40:35 Husbandry
Max PaUra
0:29 Loom
15:37 Feudal Age
16:44 Double-Bit Axe
17:40 Wheelbarrow
17:13 Horse Collar
19:36 Arson
23:06 Town Watch
28:21 Castle Age
26:38 Man-at-Arms
29:46 Bloodlines
29:40 Husbandry
30:12 Bow Saw
30:44 Forging
32:40 Fletching
33:26 Iron Casting
32:58 Scale Barding Armor
32:54 Padded Archer Armor
33:41 Caravan
34:16 Fortified Wall
34:53 Gold Mining
36:20 Chain Barding Armor
36:02 Scale Mail Armor
36:44 Pikeman
37:25 Squires
36:46 Long Swordsman
38:51 Devotion
38:48 Herbal Medicine
39:14 Sanctity
39:23 Elite Skirmisher
40:23 Masonry
40:10 Murder Holes
40:14 Bodkin Arrow
40:36 Leather Archer Armor
40:37 Chain Mail Armor
41:05 Chatras
41:06 Treadmill Crane
44:50 Imperial Age
44:06 Guard Tower
46:06 Hand Cart
45:23 Elite Battle Elephant
45:34 Cavalier
48:39 Chemistry
48:15 Ballistics
48:04 Bracer
48:38 Ring Archer Armor
48:48 Onager
50:23 Halberdier
50:30 Imperial Skirmisher
51:28 Thumb Ring
53:12 Two-Man Saw
57:17 Paper Money
63:23 Elite Rattan Archer
64:40 Hoardings
69:27 Siege Engineers
70:00 Keep
70:07 Plate Barding Armor
71:22 Theocracy
71:04 Block Printing
71:15 Illumination
70:53 Atonement
76:30 Sappers
82:18 Faith
82:35 Plate Mail Armor
默认
0:42 Loom
11:20 Feudal Age
13:24 Wheelbarrow
13:29 Double-Bit Axe
14:48 Horse Collar
19:04 Gold Mining
27:00 Castle Age
25:48 Stone Mining
27:13 Pikeman
27:54 Squires
28:34 Caravan
29:23 Heavy Plow
29:36 Bow Saw
30:06 Gold Shaft Mining
29:43 Padded Archer Armor
29:34 Fletching
31:34 Stone Shaft Mining
31:47 Hand Cart
31:56 Elite Skirmisher
32:53 Bloodlines
32:06 Light Cavalry
34:51 Town Watch
36:34 Leather Archer Armor
36:14 Bodkin Arrow
37:27 Ballistics
38:40 Town Patrol
41:14 Imperial Age
38:46 Town Patrol
41:08 Forging
40:59 Scale Mail Armor
42:49 Elite Chu Ko Nu
45:36 Two-Man Saw
44:44 Great Wall
44:16 Halberdier
45:02 Bracer
45:33 Ring Archer Armor
47:16 Coinage
47:04 Chain Mail Armor
47:26 Iron Casting
47:00 Scale Barding Armor
48:11 Chemistry
46:46 Imperial Skirmisher
49:57 Rocketry
54:50 Heavy Rocket Cart
55:23 Elite Fire Lancer
57:41 Cavalier
58:21 Husbandry
60:35 Plate Mail Armor
61:06 Blast Furnace
60:27 Chain Barding Armor
64:51 Plate Barding Armor
81:49 Conscription
81:01 Sappers
81:52 Conscription
80:57 Spies/Treason
梁山
9:28 Feudal Age
10:11 Double-Bit Axe
11:21 Horse Collar
18:34 Castle Age
17:22 Gold Mining
17:43 Stone Mining
19:36 Heavy Plow
20:19 Bow Saw
20:51 Gold Shaft Mining
20:52 Stone Shaft Mining
26:56 Imperial Age
25:19 Loom
30:48 Wheelbarrow
32:56 Caravan
35:57 Hand Cart
36:11 Forging
36:01 Scale Mail Armor
36:07 Scale Barding Armor
36:03 Padded Archer Armor
35:54 Fletching
37:10 Crop Rotation
37:06 Ballistics
37:46 Chemistry
39:54 Double Crossbow
39:16 Elite Ballista Elephant
41:46 Leather Archer Armor
41:48 Chain Mail Armor
41:53 Chain Barding Armor
42:09 Iron Casting
41:30 Bodkin Arrow
42:03 Light Cavalry
42:53 Bloodlines
42:04 Cavalier
42:44 Husbandry
43:27 Ring Archer Armor
44:35 Tusk Swords
45:14 Hoardings
47:05 Pikeman
47:10 Hussar
47:15 Heavy Scorpion
47:17 Onager
47:18 Capped Ram
50:59 Blast Furnace
50:35 Plate Barding Armor
50:02 Bracer
53:51 Conscription
74:48 Siege Ram
Connection lost

Rejoining the realm…

Still unreachable

The connection could not be restored.

Session expired

The server has moved on; the page needs a fresh start.